 Dungeon Crawl Stone Soup version 0.27.1-1-g398f81649c (webtiles) character file.

Game seed: 12162914557540155583

2784 pkoi the Grappler (level 9, -7/80 HPs)
             Began as a Troll Monk on Sept 14, 2021.
             Was an Elder of Makhleb.
             Mangled by a two-headed ogre (34 damage)
             ... on level 8 of the Dungeon.
             The game lasted 00:07:02 (6265 turns).

pkoi the Grappler (Troll Monk)                      Turns: 6265, Time: 00:07:03

Health: -7/80      AC:  5    Str: 24    XL:     9   Next: 43%
Magic:  14/14      EV: 11    Int:  6    God:    Makhleb [****..]
Gold:   234        SH:  0    Dex: 18    Spells: 8/8 levels left

rFire    . . .     SeeInvis .     - Unarmed
rCold    . . .     Faith    .   (no shield)
rNeg     . . .     Spirit   .   a - +1 robe
rPois    +         Reflect  .   (helmet restricted)
rElec    .         Harm     .   (no cloak)
rCorr    .         Rampage  .   (gloves unavailable)
Will     .....                  (boots unavailable)
Stlth    ++........             (no amulet)
HPRegen  1.23/turn              d - +6 ring of dexterity
MPRegen  0.14/turn              q - ring of poison resistance

@: studying Dodging
A: large, unfitting armour, claws 3, regeneration 1, shaggy fur 1, tough skin 1
a: Renounce Religion, Minor Destruction, Lesser Servant of Makhleb, Major
Destruction


You were on level 8 of the Dungeon.
You worshipped Makhleb.
Makhleb was greatly pleased with you.
You visited 2 branches of the dungeon, and saw 9 of its levels.

You collected 395 gold pieces.
You spent 161 gold pieces at shops.

Inventory:

Missiles
 o - 28 poisoned darts (quivered)
 t - 4 throwing nets
 x - 8 boomerangs
Armour
 a - a +1 robe (worn)
Jewellery
 d - a +6 ring of dexterity (left claw)
 f - a ring of resist corrosion
 q - a ring of poison resistance (right claw)
 A - a ring of magical power
 B - a ring of flight
Wands
 E - a wand of mindburst (14)
Scrolls
 b - 5 scrolls of identify
 c - a scroll of fog
 h - a scroll of blinking
 n - a scroll of vulnerability
 p - 3 scrolls of fear
 r - a scroll of amnesia
 w - 2 scrolls of enchant armour
 y - 5 scrolls of teleportation
Potions
 e - 2 potions of might
 i - 2 potions of curing
 j - 2 potions of lignification
 k - a potion of heal wounds
 s - a potion of mutation
 v - a potion of cancellation
 z - a potion of haste
 C - a potion of brilliance
 D - a potion of ambrosia


   Skills:
 - Level 2.4 Fighting
 + Level 2.9 Dodging
 - Level 1.0 Stealth
 * Level 9.9 Unarmed Combat
 + Level 8.0 Invocations


You had 8 spell levels left.
You didn't know any spells.
Your spell library contained the following spells:

 Spells                   Type           Power      Damage    Failure   Level
 Blink                    Tloc           N/A        N/A       58%         2
 Static Discharge         Conj/Air       0%         N/A       58%         2
 Ignite Poison            Fire/Tmut/Pois 0%         N/A       83%         3
 Lesser Beckoning         Tloc           0%         N/A       83%         3
 Mephitic Cloud           Conj/Pois/Air  0%         N/A       83%         3
 Dispel Undead            Necr           0%         3d6       99%         4
 Sticky Flame             Conj/Fire      0%         2d3       99%         4
 Summon Lightning Spire   Summ/Air       0%         N/A       99%         4
 Bolt of Magma            Conj/Fire/Erth 0%         4d4       100%        5
 Manifold Assault         Tloc           0%         N/A       100%        5
 Storm Form               Tmut/Air       0%         N/A       100%        7
 Maxwell's Capacitive Co  Air            0%         ∞         100%        8


Dungeon Overview and Level Annotations

Branches:
Dungeon (8/15)             Temple (1/1) D:7
   Lair: D:8-11

Altars:
Ashenzari
Dithmenos
Fedhas
Gozag
Hepliaklqana
Kikubaaqudgha
Makhleb
Nemelex Xobeh
Okawaru
Qazlal
Sif Muna
Trog
Uskayaw
Vehumet
Wu Jian
Xom
Yredelemnul
Zin
The Shining One

Shops:
D:1 :   D:4 *   D:5 (*

Annotations:
D:8 1 transporter, jayjay249's ghost, novice DgCj


Innate Abilities, Weirdness & Mutations

You are too large for most types of armour.
You have claws for hands.
Your natural rate of healing is unusually fast.
You are covered in fur. (AC +1)
You have tough skin. (AC +1)


Message History

You are too injured to fight recklessly!
Unknown command.
You are too injured to fight recklessly!
Unknown command.
You are too injured to fight recklessly!
You are too injured to fight recklessly!
You are too injured to fight recklessly!
You are too injured to fight recklessly!
You claw the water moccasin!
The water moccasin is heavily wounded.
The water moccasin bites you.
You claw the water moccasin!
You kill the water moccasin!
Makhleb accepts your kill.
You see here a water moccasin corpse.
c - a scroll of fog You start resting.
Magic restored.
A two-headed ogre comes into view. It is wielding two +0 giant clubs.
A two-headed ogre is nearby!
A two-headed ogre is nearby!
A two-headed ogre is nearby!
You see here a water moccasin corpse.
Jayjay249's ghost turns its malevolent gaze towards you.
The two-headed ogre shouts in stereo!
The two-headed ogre hits you but does no damage.
The two-headed ogre hits you with a +0 giant club!!
Things that are here:
a potion of degeneration; 2 scrolls of noise You are too injured to fight recklessly!
You are too injured to fight recklessly!
You barely miss the two-headed ogre.
The two-headed ogre hits you with a +0 giant club!!
* * * LOW HITPOINT WARNING * * *
The two-headed ogre barely misses you.
You barely miss the two-headed ogre. You scratch the two-headed ogre.
You claw the two-headed ogre!
The two-headed ogre is moderately wounded.
The two-headed ogre hits you with a +0 giant club!!
You die...

#......,,,,,,,,,#
#......,.,,,,,,,#
##....,,..,,,,,,,,
##..#,,,..,,,,,,***
#####...#,,.#*,,,,,,,,*
*##...##†)##..#,,,,,,,,,,
*......##....#**,,,**,,,,
**#.....<.#.## *,,,,,,**,
##..##@##*#***,,*,,,**,
***#...O..#,,,,,,,*,,,,*,
*.......©..!,,,,,,,,,,,,,
*.############*,,,,,,,,,,
*.#....?W5V..©#.,,,*,,,,,
*.#.....M.....#.,,,*,**,,
*.#..##...##..#.,,,,,*,,,
*.#..*8...8*..#.,,,,,,,,,
*,*,,**,,,**,,*,,,,,,,,,*


You could see a two-headed ogre, a vampire, a mummy, jayjay249's ghost and a
shadow imp.

Vanquished Creatures
  A wyvern (D:7)
  Eustachio (D:6)
  2 water moccasins
  2 ice beasts
  2 sky beasts
  4 ogres
  3 centaurs
  A phantom (D:5)
  A kobold brigand (D:8)
  2 scorpions
  2 gnoll sergeants (D:5)
  A wyvern skeleton (D:7)
  A water moccasin zombie (D:5)
  A water moccasin skeleton (D:4)
  A bullfrog zombie (D:7)
  3 hounds
  An orc priest (D:3)
  A gnoll shaman (D:3)
  A bullfrog skeleton (D:6)
  2 jellies
  9 orc wizards
  A hound skeleton (D:4)
  4 adders
  11 gnolls
  2 shadow imps (D:5)
  2 white imps
  An ufetubus (D:5)
  3 worms
  3 dart slugs
  24 orcs
  7 ball pythons
  5 endoplasms
  6 giant cockroaches
  7 goblins
  9 hobgoblins
  4 jackals (D:3)
  2 quokkas
  3 bats
  6 frilled lizards
  4 kobolds
  10 rats
156 creatures vanquished.

Vanquished Creatures (collateral kills)
  2 orcs (D:8)
  2 kobolds (D:8)
4 creatures vanquished.

Grand Total: 160 creatures vanquished

Notes
Turn   | Place    | Note
-------+----------+-------------------------------------------
     0 | D:1      | pkoi the Troll Monk began the quest for the Orb.
     0 | D:1      | Reached XP level 1. HP: 22/22 MP: 0/0
   188 | D:1      | Reached XP level 2. HP: 29/29 MP: 1/1
   261 | D:1      | Found Qyajeo's Book Boutique.
   314 | D:1      | Reached skill level 4 in Unarmed Combat
   780 | D:2      | Found a burning altar of Makhleb.
   829 | D:2      | Became a worshipper of Makhleb the Destroyer
   829 | D:2      | Reached * piety under Makhleb
   829 | D:2      | Reached ** piety under Makhleb
   851 | D:2      | Reached XP level 3. HP: 36/36 MP: 2/2
  1291 | D:2      | Reached skill level 1 in Invocations
  1502 | D:3      | Reached XP level 4. HP: 40/44 MP: 3/3
  1703 | D:3      | Found a faded altar of an unknown god.
  2034 | D:3      | Reached skill level 5 in Unarmed Combat
  2135 | D:4      | Reached XP level 5. HP: 49/50 MP: 5/5
  2148 | D:4      | Found a sparkling altar of Nemelex Xobeh.
  2385 | D:4      | Found an opulent altar of Gozag.
  2397 | D:4      | Found Gozag's Platinum Reserve.
  2404 | D:4      | Reached *** piety under Makhleb
  2530 | D:4      | Noticed an ogre
  2678 | D:4      | Killed an ogre
  2679 | D:4      | Reached XP level 6. HP: 57/59 MP: 7/7
  2736 | D:4      | Reached skill level 6 in Unarmed Combat
  2783 | D:4      | Reached XP level 7. HP: 66/66 MP: 9/9
  3036 | D:5      | Entered Level 5 of the Dungeon
  3052 | D:5      | Found a hazy altar of Hepliaklqana.
  3137 | D:5      | Found Jamoepat's Antique Weapon Shop.
  3198 | D:5      | Reached skill level 7 in Unarmed Combat
  3219 | D:5      | Reached skill level 5 in Invocations
  3405 | D:5      | Found a glowing golden altar of the Shining One.
  3621 | D:5      | Reached XP level 8. HP: 74/74 MP: 9/11
  3915 | D:5      | Found Anengug's General Store.
  4151 | D:6      | Reached skill level 8 in Unarmed Combat
  4429 | D:6      | Noticed Eustachio
  4439 | D:6      | Killed Eustachio
  4473 | D:6      | Found a broken altar of Ashenzari.
  4516 | D:5      | Bought a scroll of teleportation for 42 gold pieces
  4516 | D:5      | Bought a potion of heal wounds for 70 gold pieces
  4516 | D:5      | Bought a scroll of fear for 49 gold pieces
  5214 | D:7      | Found a staircase to the Ecumenical Temple.
  5237 | D:7      | Reached skill level 9 in Unarmed Combat
  5391 | D:7      | Reached XP level 9. HP: 71/80 MP: 13/13
  5397 | Temple   | Entered the Ecumenical Temple
  5760 | D:7      | Reached **** piety under Makhleb
  6010 | D:8      | HP: 4/80 [wyvern (16)]
  6193 | D:8      | Identified a scroll of acquirement
  6193 | D:8      | Acquired a manual of Dodging
  6199 | D:8      | Found a transporter.
  6258 | D:8      | Noticed a two-headed ogre
  6260 | D:8      | Noticed jayjay249's ghost (novice DgCj)
  6265 | D:8      | Mangled by a two-headed ogre

Illustrated notes

Levels and vault maps discovered:
D:1:      lightli_arrival_quake, layout_basic, serial_shops, shop_fountains
D:2:      layout_loops_ring, basic_altar, serial_park_tiny_2,
          kennysheep_generic_room_10
D:3:      layout_basic, chequers_ecumenical_altar_grove,
          minmay_goblin_kobold_house
D:4:      layout_rooms, nicolae_gozag_zags_fifth_avenue,
          mainiacjoe_overflow_brackets, minmay_starry_boxes
D:5:      layout_loops_corners, amcnicky_altar_gilded, tso_oasis_becter,
          serial_shops, shop, nicolae_take_the_stairs, minmay_misc_feat_cross
D:6:      layout_cave_pods, evilmike_ruin_ashenzari, serial_column_ruins,
          column_ruins_corridor_corner, column_ruins_open_medium,
          column_ruins_columns_corner, column_ruins_corridor_dead_end,
          column_ruins_grid_1, uniq_eustachio
D:7:      layout_rooms, minmay_temple_entry_wispy
D:8:      layout_cave_pools, gammafunk_ghost_mausoleum, minivault_25
Temple:   minmay_temple_curvy_branch

Skill      XL: |  1  2  3  4  5  6  7  8  9 |
---------------+----------------------------+-----
Unarmed Combat | 4 5 6 7 9 |  9.9
Invocations    | 1 2 3 4 5 7 8 |  8.0
Fighting       | |  2.4
Dodging        | |  2.9
Stealth        | |  1.0

Action                   |  1- 3 |  4- 6 |  7- 9 || total
-------------------------+-------+-------+-------++-------
Melee: Unarmed           |    90 |   119 |   215 ||   424
       Punch             |     1 |     5 |     9 ||    15
Invok: Lesser Servant of |       |       |     1 ||     1
  Use: Scroll            |       |       |    19 ||    19
       Potion            |       |       |     1 ||     1
 Stab: Sleeping          |     6 |     2 |     8 ||    16
       Distracted        |       |       |     1 ||     1
Armor: Robe              |    24 |    23 |    51 ||    98
Dodge: Dodged            |    37 |    61 |   110 ||   208
